 Dungeon Crawl Stone Soup version 0.19.5 (webtiles) character file.

3575 Meenos the Bludgeoner (level 10, -2/100 HPs)
             Began as an Ogre Chaos Knight on Nov 8, 2017.
             Slain by a spiny frog (6 damage)
             ... on level 1 of the Lair of Beasts.
             The game lasted 01:52:39 (6978 turns).

Meenos the Bludgeoner (Ogre Chaos Knight)           Turns: 6978, Time: 01:52:39

Health: -2/100     AC: 15    Str: 22    XL:     10   Next: 10%
Magic:  10/10      EV: 13    Int: 15    God:    Xom [.....*]
Gold:   368        SH:  0    Dex: 13    Spells: 2 memorised, 3 levels left

rFire  . . .     SeeInvis .     r - +1 mace (protect)
rCold  + + .     Gourm    .     b - +2 robe
rNeg   . . .     Faith    .     (no shield)
rPois  +         Spirit   .     (helmet restricted)
rElec  .         Reflect  .     (no cloak)
rCorr  .         Harm     .     (gloves unavailable)
MR     ++...     Rnd*Tele +     (boots unavailable)
Stlth  +.........               Q - amulet "Fetro" {RegenMP rC+ Dex+4}
                                l - ring of teleportation
                                U - ring of poison resistance

@: protection aura
A: unfitting armour, repulsion field 1, rugged brown scales 1, yellow scales 1,
clever 2, cold resistance 1, magic resistance 1, tough skin 1
a: Renounce Religion


You were on level 1 of the Lair of Beasts.
You worshipped Xom.
You were Xom's teddy bear.
You were very full.

You visited 2 branches of the dungeon, and saw 9 of its levels.

You collected 368 gold pieces.

Inventory:

Hand Weapons
 a - a +0 mace of chaos
 e - a +3 short sword
 i - a +0 mace of protection
 n - a +2 hunting sling of velocity
 r - a +1 mace of protection (weapon)
 z - a +0 giant club
 D - a +3 shortbow
 M - a +0 giant spiked club
 N - a +2 flail
Missiles
 E - 80 arrows
 L - 19 sling bullets
Armour
 b - a +2 robe (worn)
 H - a +0 scale mail
Jewellery
 d - an uncursed ring of teleportation
 f - an uncursed amulet of the gourmand
 l - a ring of teleportation (right hand)
 B - an uncursed ring of loudness
 Q - the amulet "Fetro" (around neck) {RegenMP rC+ Dex+4}
   (Xom gifted it to you on level 1 of the Lair of Beasts)

   [amulet of magic regeneration]

   It increases your magic regeneration.
   It affects your dexterity (+4).
   It protects you from cold.
 U - a ring of poison resistance (left hand)
Wands
 w - a wand of polymorph (4/24)
 O - a wand of lightning (10/15)
 S - a wand of flame (36/48)
Scrolls
 g - a scroll of remove curse
 h - 2 scrolls of immolation {unknown}
 j - 2 scrolls of fog
 m - 2 scrolls of identify
 o - 4 scrolls of teleportation
 p - a scroll of random uselessness {unknown}
 s - 4 scrolls of enchant armour
 t - 2 scrolls of magic mapping
 A - a scroll of fear {unknown}
 I - 2 scrolls of enchant weapon {unknown}
Potions
 k - 2 potions of haste
 q - 2 potions of brilliance
 u - a potion of resistance {unknown}
 v - a potion of magic {unknown}
 x - a potion of ambrosia {unknown}
 F - a potion of agility {unknown}
 J - a potion of might {unknown}
 R - a potion of cure mutation {unknown}
Books
 y - a book of Flames

   Spells                             Type                      Level
   a - Flame Tongue                   Conjuration/Fire             1
   b - Throw Flame                    Conjuration/Fire             2
   c - Conjure Flame                  Conjuration/Fire             3
   d - Inner Flame                    Hexes/Fire                   3
   e - Sticky Flame                   Conjuration/Fire             4
   f - Fireball                       Conjuration/Fire             5
 T - a book of Necromancy

   Spells                             Type                      Level
   a - Pain                           Necromancy                   1
   b - Animate Skeleton               Necromancy                   1
   c - Vampiric Draining              Necromancy                   3
   d - Regeneration                   Charms/Necromancy            3
   e - Animate Dead                   Necromancy                   4
   f - Control Undead                 Necromancy                   4
Comestibles
 c - 7 bread rations
 C - a meat ration
 G - 10 beef jerkies
 P - 2 fruits


   Skills:
 + Level 5.9 Fighting
 + Level 16.1 Maces & Flails
 - Level 1.1 Bows
 + Level 4.0 Dodging
 - Level 0.1 Conjurations
 + Level 0.1 Evocations


You had 3 spell levels left.
You knew the following spells:

 Your Spells              Type           Power        Failure   Level  Hunger
a - Flame Tongue          Conj/Fire      #....        28%         1    ##.....
b - Fireball              Conj/Fire      #.........   100%        5    ######.


Dungeon Overview and Level Annotations

Branches:
Dungeon (8/15)             Temple (0/1) D:5            Lair (1/6) D:8

Altars:
Ru
Xom

Shops:
D:5 }

Annotations:
Lair:1 Gastronok


Innate Abilities, Weirdness & Mutations

You are too large for most types of armour.
You have tough skin. (AC +1)
You are surrounded by a mild repulsion field. (EV +2)
You are partially covered in rugged brown scales. (AC +1, +3% HP)
You are partially covered in yellow scales. (AC +2)
Your mind is very acute. (Int +4)
Your flesh is cold resistant. (rC+)
You are resistant to hostile enchantments. (MR+)


Message History

You sock the spiny frog!
The spiny frog is moderately wounded.
The spiny frog stings you.
You barely miss the spiny frog.
The spiny frog is moderately wounded.
You hit the spiny frog but do no damage.
The spiny frog is moderately wounded.
The spiny frog stings you!
You hit the spiny frog.
The spiny frog is heavily wounded.
The spiny frog stings you!!
* * * LOW HITPOINT WARNING * * *
You sock the spiny frog!
The spiny frog is severely wounded.
The spiny frog stings you.
* * * LOW HITPOINT WARNING * * *
You hit the spiny frog.
The spiny frog is severely wounded.
The spiny frog stings you.
You die...

.. . # . .#. ##
#.## .#P####..#
.........F.#
#.####...@.#
#....+.....#
#....#.....##
#.......
.............#
#.......
..###.......####
##.......
......P..........
........
........#######..
#......
........##
#......
.........#
####......


You could see a spiny frog.

Vanquished Creatures
  2 spiny frogs (Lair:1)
  Joseph (D:7)
  A two-headed ogre (D:8)
  Grinder (D:4)
  Sigmund (D:4)
  A warg (Lair:1)
  A spatial vortex (D:5)
  A tengu (Lair:1)
  An eye of draining (D:8)
  4 ogres
  A centaur (D:5)
  A crocodile (Lair:1)
  4 bullfrogs
  A water moccasin zombie (D:8)
  2 scorpions (D:8)
  3 killer bees (D:8)
  5 wights (D:7)
  3 crimson imps (D:7)
  A bullfrog zombie (D:8)
  3 bullfrog skeletons
  2 hounds
  A jelly (D:4)
  An orc priest (D:8)
  An iron imp (D:7)
  3 centaur skeletons
  2 iguanas
  An orc wizard (D:4)
  2 worker ants
  A hound skeleton (D:6)
  Robin (D:4)
  5 adders
  2 adder zombies (D:3)
  3 worms
  2 dart slugs (D:1)
  6 leopard geckos
  14 orcs
  7 bats
  A giant cockroach (D:8)
  15 hobgoblins
  2 quokkas
  A ball python (D:1)
  A ball python zombie (D:6)
  4 frilled lizards
  9 goblins
  A jackal skeleton (D:3)
  2 kobolds (D:1)
  2 leopard gecko skeletons
  A leopard gecko zombie (D:3)
  5 rats
  A fungus (D:8)
  A plant (D:8)
  6 withered plants (D:3)
144 creatures vanquished.

Vanquished Creatures (collateral kills)
  An orc (D:8)
1 creature vanquished.

Vanquished Creatures (others)
  A leopard gecko (D:3)
  A fire vortex (D:4)
  A fungus (Lair:1)
  2 plants (Lair:1)
5 creatures vanquished.

Grand Total: 150 creatures vanquished

Notes
Turn   | Place    | Note
-------+----------+-------------------------------------------
     0 | D:1      | Meenos the Ogre Chaos Knight began the quest for the Orb.
     0 | D:1      | Reached XP level 1. HP: 24/24 MP: 1/1
   116 | D:1      | XOM: divination: detect items
   301 | D:1      | Reached XP level 2. HP: 31/32 MP: 2/2
   390 | D:1      | XOM: polymorph dart slug -> rat
   434 | D:1      | Reached skill level 5 in Maces & Flails
   542 | D:1      | XOM: give mutations
   542 | D:1      | Gained mutation: Your flesh is cold resistant. (rC+) [Xom's mischief]
   542 | D:1      | Gained mutation: You are weak. (Str -2) [Xom's mischief]
   542 | D:1      | Gained mutation: You are partially covered in yellow scales. (AC +2) [Xom's mischief]
   542 | D:1      | Gained mutation: You passively map a small area around you. [Xom's mischief]
   714 | D:1      | XOM is BORED!
   714 | D:1      | XOM: give mutations
   714 | D:1      | Lost mutation: You are weak. (Str -2) [Xom's mischief]
   714 | D:1      | Lost mutation: You passively map a small area around you. [Xom's mischief]
   725 | D:2      | Reached XP level 3. HP: 37/39 MP: 3/3
   848 | D:2      | Reached skill level 6 in Maces & Flails
   851 | D:2      | XOM: harmless Hex miscast
   868 | D:2      | XOM: summons 1 hostile demon
   948 | D:2      | Reached XP level 4. HP: 27/48 MP: 4/4
  1057 | D:2      | XOM: smoke on damage
  1104 | D:2      | Gained mutation: You are resistant to hostile enchantments. (MR+) [potion of beneficial mutation]
  1105 | D:2      | Gained mutation: You are surrounded by a mild repulsion field. (EV +2) [potion of beneficial mutation]
  1411 | D:3      | Reached skill level 7 in Maces & Flails
  1445 | D:3      | XOM: 2-stop teleportation journey
  1512 | D:3      | XOM: medium Tmut miscast
  1749 | D:3      | XOM: noise
  1802 | D:4      | Reached XP level 5. HP: 53/54 MP: 5/5
  1807 | D:4      | Noticed Robin
  1821 | D:4      | XOM: enchant monster (good)
  1838 | D:4      | Killed Robin
  1861 | D:4      | XOM: 1-stop teleportation journey
  1864 | D:4      | Noticed Grinder
  1873 | D:4      | XOM: enchant monster (good)
  1895 | D:4      | XOM: cleaving
  1897 | D:4      | Killed Grinder
  1897 | D:4      | Reached skill level 9 in Maces & Flails
  1897 | D:4      | Reached XP level 6. HP: 29/62 MP: 6/6
  1946 | D:4      | Noticed Sigmund
  1946 | D:4      | XOM: summons friendly crimson imp
  1957 | D:4      | Killed Sigmund
  1957 | D:4      | Reached skill level 10 in Maces & Flails
  1957 | D:4      | Reached XP level 7. HP: 30/70 MP: 7/7
  2070 | D:4      | XOM: cast spell 'Hydra Form'
  2295 | D:4      | XOM: mild Fire miscast
  2582 | D:5      | Entered Level 5 of the Dungeon
  2589 | D:5      | XOM: god gift: papyrus book {god gift}
  2593 | D:5      | Learned a level 1 spell: Flame Tongue
  2595 | D:5      | XOM: mild Tmut miscast
  2702 | D:5      | Found a staircase to the Ecumenical Temple.
  2731 | D:5      | Reached skill level 11 in Maces & Flails
  2856 | D:5      | XOM: give mutations
  2856 | D:5      | Gained mutation: You are partially covered in rugged brown scales. (AC +1, +3% HP) [Xom's grace]
  2856 | D:5      | Gained mutation: Your mind is acute. (Int +2) [Xom's grace]
  2856 | D:5      | Gained mutation: Your mind is very acute. (Int +4) [Xom's grace]
  2859 | D:5      | XOM: 1-stop teleportation journey
  2866 | D:5      | Learned a level 5 spell: Fireball
  3029 | D:5      | XOM: mild Summ miscast
  3030 | D:5      | Noticed a spatial vortex
  3040 | D:5      | Killed a spatial vortex
  3071 | D:5      | Found Muowniah's Gadget Shoppe.
  3209 | D:5      | Reached XP level 8. HP: 80/80 MP: 8/8
  3438 | D:5      | XOM: god gift: scale mail {god gift}
  3690 | D:6      | XOM: cloud trail
  3758 | D:6      | XOM: noise
  3809 | D:6      | XOM: divination: detect creatures
  3997 | D:6      | XOM: 1-stop teleportation journey
  4009 | D:6      | XOM: summons 4 hostile demons
  4238 | D:6      | Reached skill level 12 in Maces & Flails
  4238 | D:6      | Reached skill level 1 in Bows
  4364 | D:6      | XOM: harmless Conj miscast
  4388 | D:7      | XOM: potion effect (haste)
  4499 | D:7      | Found a sacrificial altar of Ru.
  4526 | D:7      | XOM: fake destruction
  4531 | D:7      | XOM: divination: detect items
  4548 | D:7      | XOM: enchant monster (good)
  4556 | D:7      | Reached skill level 13 in Maces & Flails
  4600 | D:7      | XOM: cast spell 'Spider Form'
  4609 | D:7      | XOM: cast spell 'Disjunction'
  4630 | D:7      | XOM: divination: detect creatures
  4632 | D:7      | XOM: polymorph quasit -> crimson imp
  5021 | D:7      | XOM: cloud trail
  5034 | D:7      | XOM: mild Ice miscast
  5035 | D:7      | XOM: potion effect (brilliance)
  5406 | D:7      | Reached skill level 14 in Maces & Flails
  5406 | D:7      | Reached XP level 9. HP: 82/86 MP: 9/9
  5458 | D:7      | Noticed Joseph
  5461 | D:7      | XOM: harmless Fire miscast
  5463 | D:7      | XOM: scenery: create altars
  5473 | D:7      | XOM: harmless Erth miscast
  5474 | D:7      | XOM: potion effect (might)
  5481 | D:7      | Killed Joseph
  5883 | D:8      | XOM: cast spell 'Call Canine Familiar'
  5897 | D:8      | XOM: harmless Erth miscast
  5904 | D:8      | Reached skill level 15 in Maces & Flails
  6063 | D:8      | XOM: mild Erth miscast
  6074 | D:8      | XOM: fake destruction
  6121 | D:8      | XOM: harmless Tmut miscast
  6131 | D:8      | XOM: confuse monster(s)
  6215 | D:8      | Found a staircase to the Lair.
  6215 | D:8      | Noticed a two-headed ogre
  6237 | D:8      | Killed a two-headed ogre
  6340 | D:8      | XOM: mild Air miscast
  6342 | Lair:1   | Entered Level 1 of the Lair of Beasts
  6342 | Lair:1   | Noticed a spiny frog
  6347 | Lair:1   | XOM: scenery: 1 doors open
  6350 | Lair:1   | XOM: polymorph crocodile -> tengu
  6357 | Lair:1   | XOM: fake destruction
  6359 | Lair:1   | Reached skill level 5 in Fighting
  6360 | Lair:1   | Killed a spiny frog
  6430 | Lair:1   | XOM: cleaving
  6433 | Lair:1   | Noticed Gastronok
  6526 | Lair:1   | Reached XP level 10. HP: 38/100 MP: 10/10
  6540 | Lair:1   | XOM: cloud trail
  6542 | Lair:1   | XOM: god gift: glittering graven amulet {god gift}
  6543 | Lair:1   | Got a glittering graven amulet {god gift}
  6545 | Lair:1   | Identified the amulet "Fetro" {RegenMP rC+ Dex+4} (Xom gifted it to you on level 1 of the Lair of Beasts)
  6899 | Lair:1   | Noticed a spiny frog
  6907 | Lair:1   | XOM: fog
  6912 | Lair:1   | Killed a spiny frog
  6912 | Lair:1   | Reached skill level 16 in Maces & Flails
  6967 | Lair:1   | Noticed a spiny frog
  6977 | Lair:1   | HP: 4/100 [spiny frog (6)]
  6978 | Lair:1   | Slain by a spiny frog

Skill      XL: |  1  2  3  4  5  6  7  8  9 10 |
---------------+-------------------------------+-----
Maces & Flails | 5 6 7 9 10 11 14 15 16 | 16.1
Bows           | 1 |  1.1
Dodging        | 3 4 |  4.0
Fighting       | 5 |  5.9
Conjurations   | |  0.1
Evocations     | |  0.1

Action                   |  1- 3 |  4- 6 |  7- 9 | 10-12 || total
-------------------------+-------+-------+-------+-------++-------
Melee: Mace              |   121 |   291 |   386 |    30 ||   828
       Giant club        |       |       |    10 |       ||    10
       Unarmed           |       |       |    22 |       ||    22
       Flail             |       |       |    14 |       ||    14
 Fire: Shortbow          |       |       |    16 |     1 ||    17
Throw: Throwing net      |       |     1 |     1 |       ||     2
 Cast: Flame Tongue      |       |       |     4 |       ||     4
Evoke: Wand              |       |       |       |     1 ||     1
  Use: Potion            |       |     3 |     5 |     1 ||     9
       Scroll            |       |     2 |     9 |     1 ||    12
 Stab: Paralysed         |     1 |       |     3 |       ||     4
       Petrified         |       |     3 |     6 |       ||     9
       Petrifying        |       |     1 |       |       ||     1
       Confused          |       |       |     1 |       ||     1
       Distracted        |       |       |     1 |       ||     1
  Eat: Meat ration       |       |     2 |       |       ||     2
       Chunk             |       |     1 |    16 |       ||    17
       Bread ration      |       |     1 |       |       ||     1
Armor: Robe              |   111 |    78 |    90 |     3 ||   282
       Skin              |       |       |     8 |       ||     8
Dodge: Dodged            |   131 |    99 |   207 |    11 ||   448
